AoeStats
← 知耻而后勇喜笑颜开

Arabia

508592946Analyzed
1v1 RM · 9d ago on Sep 23, 2026· 26m 45s· 2 players
Game mode
Random Map
Map size
Tiny (2 player)
Population
200
Speed
Normal
Resources
Standard
Victory
Conquest
Starting age
Dark Age
Ending age
Imperial Age
RankedLock teamsTeams togetherTeam positionsShared explorationLock speedFull tech treeHidden civsTurbo modeCheats
Victory
Defeat
🇦🇷 Goths · Argentina
1372
+17
1385
-17
FernecitoBranca
3:38 Loom
9:33 Feudal Age
9:36 Man-at-Arms
10:09 Double-Bit Axe
15:23 Scale Mail Armor
19:11 Forging
20:44 Horse Collar
25:12 Castle Age
25:20 Long Swordsman
知耻而后勇喜笑颜开
9:21 Feudal Age
8:32 Loom
9:48 Double-Bit Axe
9:50 Town Watch
10:41 Wheelbarrow
10:39 Horse Collar
13:37 Fletching
15:23 Padded Archer Armor
24:05 Gold Mining
24:05 Stone Mining
Connection lost

Rejoining the realm…

Still unreachable

The connection could not be restored.

Session expired

The server has moved on; the page needs a fresh start.